Map: Ptak Gromu ER

Players

MarioWagant - Winner!

  • Race: Zerg Zerg
  • League: Silver
  • Spawn Location: 5:00

Clai

  • Race: Protoss Protoss
  • Spawn Location: 11:00

VOD

Have the link to the VOD?

Description

Fast Drone Rush vs Protos.
A jak by inaczej :)

Time

  • Played on: Oct. 18, 2019, 1:21 p.m.
  • Length: 3:14
Show
View Real Time Build Order
Export as new Build Order

MarioWagant Zerg - Winner!

Build Orders: Pool Only 

Get SALT Encoding   

  12  0:03  Drone  
  14  0:24  Spawning Pool  
  14  0:25  Drone  
  13  0:40  Drone  
  13  0:42  Overlord  
  14  1:11  Zergling x6  
  17  1:33  Zergling x4  
  19  1:47  Zergling x2  
  20  1:56  Zergling x2  
  21  2:14  Zergling x2  
  22  2:21  Overlord  
  21  2:39  Zergling x2  
  21  2:40  Zergling x2  
  23  2:48  Zergling x2  
Show
View Real Time Build Order
Export as new Build Order

Clai Protoss 

Build Orders: 1 Gate Expand 

Get SALT Encoding   

  12  0:03  Probe (Chrono Boost)  
  14  0:14  Probe (Chrono Boost)  
  14  0:21  Pylon  
  14  0:36  Pylon  
  14  0:41  Probe  
  15  0:49  Assimilator  
  15  0:53  Probe  
  16  0:59  Gateway  
  16  1:05  Probe  
  17  1:17  Probe  
  18  1:35  Probe  
  18  1:39  Nexus  
  19  1:47  Pylon  
  19  1:48  Probe  
  19  1:54  Pylon  
  20  1:55  Zealot  
  10  2:39  Probe (Chrono Boost)  
  11  2:49  Probe (Chrono Boost)  
  4  2:54  Probe (Chrono Boost)  
Tags
 
Add a new tag
Caveats
  • Supply blocks, unpowered buildings, or Contaminate may cause inaccurate times.
  • Supply counts are checked every 10 seconds.